[Event "Fast Chess"]
[Site "ChessKid.com"]
[Date "2020.03.23"]
[Round "3"]
[White "Georgiev, Maximilian"]
[Black "Hessenberger, Oliver"]
[Result "1-0"]
[ECO "C57"]
[WhiteElo "1093"]
[BlackElo "573"]
[PlyCount "91"]
[EventDate "2020.??.??"]
[TimeControl "900"]
[WhiteClock "0:09:21"]
[BlackClock "0:10:14"]

1. e4 e5 2. Nf3 Nc6 3. Bc4 Nf6 4. Ng5 Qe7 5. Nxf7 Rg8 6.
Nd6+ cxd6 7. Bxg8 Nxe4 8. Bd5 Ng5 9. O-O Qf6 10. d3 Qh6 11.
Nc3 e4 12. dxe4 Be7 13. Nb5 Rb8 14. Nc7+ Kd8 15. Nb5 Bf6 16. Bxc6 bxc6 17. Nxa7 Be5 18. f4 Bd4+ 19. Kh1 Nxe4 20. Qxd4 Bb7 21. Qb6+ Ke7 22. Re1 c5 23. Nb5 Qg6 24. Be3 Nc3 25. Rg1 Nd5 26. Qa7 Rf8 27. Qxb7 Nxe3 28. Rae1 Rxf4 29. Rxe3+ Kf7 30. Qxd7+ Kg8 31. Re8+ Rf8 32. Rxf8+ Kxf8 33. Qd8+ Kf7 34.
Rf1+ Ke6 35. Qc8+ Kd5 36. Nc3+ Kd4 37. Rf4+ Ke3 38. g3 Qxc2 39. Nd5+ Ke2 40. Nc3+ Kd3 41. Qa6+ Ke3 42. Nd5+ Kd2 43. Rf2+ Ke1 44. Rxc2 Kd1 45. Qd3+ Ke1 46. Qe2# {[%emt 0:00:01] TallSnazzyBall won by checkmate}
1-0

[Event "Fast Chess"]
[Site "ChessKid.com"]
[Date "2020.03.23"]
[Round "3"]
[White "Gross, Lukas"]
[Black "Halimi, Dorian"]
[Result "1-0"]
[ECO "A00"]
[WhiteElo "750"]
[BlackElo "730"]
[PlyCount "73"]
[EventDate "2020.??.??"]
[TimeControl "900"]
[WhiteClock "0:11:54"]
[BlackClock "0:11:17"]

1. g3 d5 2. Bg2 Nc6 3. Nh3 Bxh3 4. Bxh3 Qd6 5. O-O e6 6. f4 O-O-O 7. d3 Nb4 8. c3 Qc5+ 9. Kh1 d4 10. cxd4 Qxd4 11. a3 Bc5 12. axb4 Bxb4 13. Bd2 Bxd2 14. Qxd2 Nf6 15. Qc3 Qe3 16. Qd2 Qd4 17. Qc3 Qd7 18. f5 exf5 19. Bxf5 Nh5 20. Bxd7+ Rxd7 21. d4 Rhd8 22. e3 b6 23. g4 c5 24. gxh5 Rc7 25. Rd1 b5 26. Rd2 b4 27. Qc2 cxd4 28.
Qd1 dxe3 29. Rxd8+ Kb7 30. Rd7 e2 31. Rxc7+ Kxc7 32. Qxe2 a5 33. Rxa5 Kb6 34. Qb5+ Kc7 35. Qc5+ Kb7 36. Rb5+ Ka6 37. Qb6# {[%emt 0:00:04] RosyPopularArm
won by checkmate} 1-0

[Event "Fast Chess"]
[Site "ChessKid.com"]
[Date "2020.03.25"]
[Round "1"]
[White "Nagel, Lucas"]
[Black "Georgiev, Maximilian"]
[Result "0-1"]
[ECO "C20"]
[WhiteElo "728"]
[BlackElo "1112"]
[PlyCount "48"]
[EventDate "2020.??.??"]
[TimeControl "300"]
[WhiteClock "0:03:14"]
[BlackClock "0:03:01"]

1. e4 e5 2. Be2 Nf6 3. Nh3 Nc6 4. Rf1 Nxe4 5. f3 Nf6 6.
Ng5 h6 7. Nh3 d6 8. d3 Be7 9. Rf2 d5 10. g4 Bc5 11. Rg2 O-O 12. c3 d4 13.
Bd2 dxc3 14. Bxc3 Re8 15. Rg3 Bd6 16. Na3 e4 17. fxe4 Bxg3+ 18. Nf2 Bxh2 19. Nh1 Nxg4 20. Nf2 Nxf2 21. Kxf2 Qh4+ 22. Ke3 Qg3+ 23. Bf3 Bg1+ 24. Ke2 Qf2# {[%emt 0:00:04] TallSnazzyBall won by checkmate} 0-1

[Event "Fast Chess"]
[Site "ChessKid.com"]
[Date "2020.03.25"]
[Round "1"]
[White "Dai, Lana"]
[Black "Hessenberger, Oliver"]
[Result "1-0"]
[ECO "C50"]
[WhiteElo "1032"]
[BlackElo "554"]
[PlyCount "57"]
[EventDate "2020.??.??"]
[TimeControl "300"]
[WhiteClock "0:00:46"]
[BlackClock "0:00:24"]

1. e4 e5 2. Nc3 Nc6 3. Bc4 Nf6 4. Nf3 Bc5 5. d3 O-O 6. h3 d6 7. Bg5 h6 8. Bh4 Qe7 9. Nd5 Qd8 10. Nxf6+ gxf6 11. d4 exd4 12. Bd5 Qe8 13. Qe2 f5 14. Nd2 fxe4 15. Bxe4 Qe5 16. O-O-O Qf4 17. g3 Qe5 18. f4 Qe6 19. f5 Qxa2 20. Qg4+ Kh8 21. Bf6+ Kh7 22. Nb3 Rg8 23. Qf4 d3 24. Bxd3 Nd4 25. Bxd4 Bxd4 26. f6+ Kh8 27. Qxd4 Be6 28. Qe4 Bxb3 29. Qh7# {[%emt 0:00:03]
TopBrownCave won by checkmate} 1-0

[Event "Fast Chess"]
[Site "ChessKid.com"]
[Date "2020.03.25"]
[Round "2"]
[White "Georgiev, Maximilian"]
[Black "Dai, Lana"]
[Result "1-0"]
[ECO "C55"]
[WhiteElo "1149"]
[BlackElo "1000"]
[PlyCount "81"]
[EventDate "2020.??.??"]
[TimeControl "300"]
[WhiteClock "0:00:01"]
[BlackClock "0:01:44"]

1. e4 e5 2. Nf3 Nf6 3. Nc3 Nc6 4. Bc4 Bc5 5. Ng5 d5 6.
exd5 Nd4 7. d6 Be6 8. dxc7 Qxc7 9. Bxe6 fxe6 10. O-O h6 11. Nf3 Nxf3+ 12. Qxf3 e4 13. Nxe4 Nxe4 14. Qxe4 Qd7 15. d3 Qf7 16. Qa4+ Qd7 17. Qxd7+ Kxd7 18. a4 h5 19. h3 b6 20. b3 Bd4 21. Rb1 e5 22. Bb2 Bxb2 23.
Rxb2 Rhf8 24. Re1 Kd6 25. f3 g5 26. g4 hxg4 27. fxg4 Rf4 28.
Rf1 Rxf1+ 29. Kxf1 Kd5 30. Ke2 e4 31. dxe4+ Kxe4 32. c4 Kf4 33. Kf2 Rh8 34. Kg2 Rh4 35. Rf2+ Ke5 36. Kg3 Ke4 37. Re2+ Kd3 38. Rg2 Kc3 39. b4 Kxb4 40. c5 Kxc5 41. a5 {[%emt 0:
00:02] TallSnazzyBall won on time} 1-0

[Event "Fast Chess"]
[Site "ChessKid.com"]
[Date "2020.03.25"]
[Round "2"]
[White "Hessenberger, Oliver"]
[Black "Nagel, Lucas"]
[Result "1-0"]
[ECO "B07"]
[WhiteElo "666"]
[BlackElo "541"]
[PlyCount "35"]
[EventDate "2020.??.??"]
[TimeControl "300"]
[WhiteClock "0:03:07"]
[BlackClock "0:03:06"]

1. e4 d6 2. Nf3 e6 3. Bb5+ Nc6 4. Bxc6+ bxc6 5. O-O Ba6 6. d3 c5 7. Bg5 f6 8. Bh4 g6 9. Nfd2 Bh6 10. e5 dxe5 11. Ne4 f5 12. Bxd8 Kxd8 13.
Nec3 e4 14. dxe4+ Kc8 15. Re1 e5 16. Qd2 c4 17. Rd1 Bb7 18.
Qd8# {[%emt 0:00:07] VastMellowGhost won by checkmate} 1-0

[Event "Fast Chess"]
[Site "ChessKid.com"]
[Date "2020.03.25"]
[Round "3"]
[White "Hessenberger, Oliver"]
[Black "Georgiev, Maximilian"]
[Result "1-0"]
[ECO "C48"]
[WhiteElo "846"]
[BlackElo "1079"]
[PlyCount "81"]
[EventDate "2020.??.??"]
[TimeControl "300"]
[WhiteClock "0:00:43"]
[BlackClock "0:00:31"]

1. e4 e5 2. Nf3 Nc6 3. Nc3 Nf6 4. Bb5 d6 5. Bxc6+ bxc6 6.
O-O Ba6 7. Re1 Be7 8. d3 O-O 9. d4 exd4 10. Nxd4 c5 11. Nf5 Qd7 12. Bg5 h6 13. Bxf6 Bxf6 14. Qg4 Bb7 15. Nxh6+ Kh7 16. Qxd7 gxh6 17. Qxc7 Ba6 18. Qxd6 Bg7 19. Qxa6 Rad8 20. Red1 Rde8 21. Rd2 h5 22. Rad1 Rb8 23. Qa5 Bf6 24. e5 Bg5 25. f4 Be7 26. f5 f6 27. exf6 Bxf6 28.
Rd6 Kh6 29. Ne4 Kg7 30. Nxf6 Rxf6 31. Rxf6 Kxf6 32. Qxa7 Rxb2 33. Rd6+ Kxf5 34. Qxc5+ Ke4 35. Qc3 Rb1+ 36.
Kf2 Kf4 37. Rd4+ Kf5 38. Qc5+ Ke6 39. Rd6+ Ke7 40. Qc7+ Ke8 41. Rd8# {[%emt 0:00:02] VastMellowGhost won by checkmate} 1-0

[Event "Fast Chess"]
[Site "ChessKid.com"]
[Date "2020.03.26"]
[Round "1"]
[White "Gross, Lukas"]
[Black "Georgiev, Maximilian"]
[Result "1-0"]
[ECO "A00"]
[WhiteElo "1049"]
[BlackElo "1164"]
[PlyCount "105"]
[EventDate "2020.??.??"]
[TimeControl "900"]
[WhiteClock "0:10:18"]
[BlackClock "0:08:39"]

1. g3 e5 2. Bg2 Nf6 3. Nh3 Nc6 4. O-O Bc5 5. c3 O-O 6. e3 Re8 7. d4 exd4 8. exd4 Bb6 9. d5 Na5 10. b4 Nc4 11. a3 d6 12. Re1 Rxe1+ 13.
Qxe1 Bxh3 14. Bxh3 h6 15. Bf1 Ne5 16. Bf4 Neg4 17. Bh3 Nxf2 18. Be3 Bxe3 19. Qxe3 Nd1 20. Qd2 Nxc3 21. Qxc3 Nxd5 22. Qc4 Ne3 23. Qd4 Nf5 24. Bxf5 Qg5 25. Bh3 Rb8 26. Nc3 b6 27. Ne4 Qb5 28. Nc3 Qg5 29. Ne4 Qh5 30. Nf2 Qe2 31. Bf1 Qf3 32. Re1 Qxa3 33. Qe3 Qxb4 34. Nd3 Qg4 35. Be2 Qd7 36. Bf3 Qb5 37. Rd1 Qb3 38. Qd2 Re8 39. Re1 Rxe1+ 40. Nxe1 Qb5 41. Be2 Qc5+ 42. Kf1 Qf5+ 43. Nf3 Qh3+ 44. Kf2 Qe6 45. Qe3 Qb3 46. Qxb3 a5 47. Qc3 c5 48. Qb3 Kf8 49. Qxb6 Kg8 50. Qxd6 Kh7 51. Qxc5 g6 52. Qxa5 Kg7 53. Qc3+ {[%emt 0:00:05] RosyPopularArm won by resignation} 1-0

[Event "Fast Chess"]
[Site "ChessKid.com"]
[Date "2020.03.26"]
[Round "1"]
[White "Rosenkranz, Benjamin"]
[Black "Dai, Lana"]
[Result "0-1"]
[ECO "C50"]
[WhiteElo "1162"]
[BlackElo "1038"]
[PlyCount "34"]
[EventDate "2020.??.??"]
[TimeControl "900"]
[WhiteClock "0:12:52"]
[BlackClock "0:10:09"]

1. e4 e5 2. Nf3 Nc6 3. Nc3 Bc5 4. Bc4 Nf6 5. O-O d6 6. d3 h6 7. Bd2 Bg4 8. h3 Bh5 9. Nb5 Nd4 10. Ba5 b6 11. Bc3 Nxf3+ 12. gxf3 Nd7 13. Qd2 Bxf3 14. d4 exd4 15. Bxd4 Bxd4 16. Qxd4 Qg5+ 17. Kh2 Qg2# {[%emt 0:
00:07] TopBrownCave won by checkmate} 0-1

[Event "Fast Chess"]
[Site "ChessKid.com"]
[Date "2020.03.26"]
[Round "2"]
[White "Nagel, Lucas"]
[Black "Gross, Lukas"]
[Result "0-1"]
[ECO "B06"]
[WhiteElo "899"]
[BlackElo "1055"]
[PlyCount "106"]
[EventDate "2020.??.??"]
[TimeControl "900"]
[WhiteClock "0:08:06"]
[BlackClock "0:10:47"]

1. e4 g6 2. Nf3 Bg7 3. Be2 Nh6 4. d3 O-O 5. Bf4 Na6 6. Nc3 d6 7. g3 e5 8. Bd2 b6 9. d4 Bb7 10. dxe5 dxe5 11. Nxe5 Bxe5 12. Nb1 Bxb2 13. Bc3 Bxa1 14. Bxa1 Qe8 15. O-O Rd8 16. Qe1 Qxe4 17. Bf6 Rd6 18. Be7 Re8 19. Bxd6 Rc8 20. Bf4 Qxc2 21. Nd2 Re8 22. Bb5 Rxe1 23. Rxe1 Ng4 24. Be5 Qxd2 25. Re4 Nxe5 26. Rxe5 Qd8 27. Re1 Qd2 28. Rf1 Qxa2 29. Bd7 Nc5 30. Bh3 f5 31. Bg2 Bxg2 32. Kxg2 Qd5+ 33. Kg1 Ne4 34. f3 Ng5 35. h4 Nh3+ 36. Kh2 Ng5 37. hxg5 Qd3 38. Rg1 a5 39. f4 b5 40. Rg2 a4 41. Kh3 b4 42. Kh2 b3 43.
Kh3 a3 44. Kh2 Qc3 45. Kh3 b2 46. Rh2 b1=Q 47. Kh4 Qbb2 48. Rh3 Qf3 49. g4 Qxh3+ 50. Kxh3 a2 51. Kh4 a1=Q 52. Kh3 Qb3+ 53. Kh4 Qh1# {[%emt 0:00:03] RosyPopularArm won by checkmate} 0-1

[Event "Fast Chess"]
[Site "ChessKid.com"]
[Date "2020.03.26"]
[Round "2"]
[White "Georgiev, Maximilian"]
[Black "Dai, Lana"]
[Result "1-0"]
[ECO "B00"]
[WhiteElo "1178"]
[BlackElo "1015"]
[PlyCount "93"]
[EventDate "2020.??.??"]
[TimeControl "900"]
[WhiteClock "0:05:51"]
[BlackClock "0:10:12"]

1. e4 e6 2. Nf3 Nc6 3. Nc3 Bc5 4. Bb5 e5 5. d3 h6 6. Bxc6 dxc6 7. Nxe5 Nf6 8. Nf3 Bg4 9. O-O Nh5 10. h3 Bxf3 11. Qxf3 Nf6 12. Na4 Bd4 13. c3 Be5 14. Nc5 Rb8 15. Be3 Qd6 16. g3 b6 17. Na6 Rb7 18.
a4 c5 19. Qe2 c6 20. Rad1 b5 21. axb5 Rxb5 22. d4 cxd4 23. cxd4 Bxd4 24. Bxd4 Qe7 25. Kg2 Nxe4 26. Bxg7 Rh7 27. Bc3 h5 28. Bd4 Rh6 29. Be3 Rh7 30. Bd4 Rd5 31. Bf6 Qe6 32. Nc7+ Kd7 33. Nxe6 Kxe6 34. Rxd5 Kxd5 35. Qd3+ Ke6 36. Qxe4+ Kxf6 37. Qxh7 Kg5 38.
Qxf7 h4 39. gxh4+ Kxh4 40. Qf4+ Kh5 41. Re1 Kg6 42. Re6+ Kg7 43. Qf6+ Kg8 44. Re8+ Kh7 45. Re7+ Kg8 46. Qg6+ Kf8 47. Qf7# {[%emt 0:00:01] TallSnazzyBall
won by checkmate} 1-0

[Event "Fast Chess"]
[Site "ChessKid.com"]
[Date "2020.03.26"]
[Round "3"]
[White "Gross, Lukas"]
[Black "Rosenkranz, Benjamin"]
[Result "0-1"]
[ECO "A00"]
[WhiteElo "1050"]
[BlackElo "1171"]
[PlyCount "106"]
[EventDate "2020.??.??"]
[TimeControl "900"]
[WhiteClock "0:07:42"]
[BlackClock "0:07:31"]

1. g3 e5 2. Bg2 Nc6 3. Nh3 d6 4. f4 exf4 5. gxf4 Nf6 6. O-O Be6 7. e3 Qd7 8. c3 Bxh3 9. Bxh3 Qxh3 10. Rf3 Qd7 11. d3 O-O-O 12. d4 Qg4+ 13. Kh1 d5 14. h3 Qe6 15. Na3 Bxa3 16. bxa3 Ne4 17. a4 Nxc3 18. Qc2 Ne4 19. Qd1 Nb4 20. Ba3 Nc6 21. Bb2 Qg6 22. Kh2 Qh5 23. f5 Nd6 24. Rb1 Nxf5 25. Qc2 Nh4 26. Rf4 Nf3+ 27. Kg3 Ng5 28. Rh4 Qf3+ 29. Kh2 Qxe3 30. Rg4 Nf3+ 31. Kg2 Qd2+ 32. Qxd2 Nxd2 33. Rd1 Nc4 34. Bc3 Ne3+ 35. Kf2 Nxd1+ 36. Kf3 Nxc3 37. Kg3 Nxa2 38. Rxg7 Rdf8 39. Kh4 Nc3 40. Kh5 Ne4 41. Kh6 a5 42. Kh5 Nxd4 43. Rg4 b5 44. axb5 a4 45. Rg1 Nb3 46. Rb1 Nc3 47. Rh1 a3 48. Rg1 a2 49. Rg3 a1=Q 50. Rg4 Nxb5 51. Rb4 Rhg8 52. Rxb3 Qg7 53. Rxb5 Qg5# {[%emt 0:00:04] FineBeamingStage won by
checkmate} 0-1

[Event "Fast Chess"]
[Site "ChessKid.com"]
[Date "2020.03.26"]
[Round "3"]
[White "Nagel, Lucas"]
[Black "Georgiev, Maximilian"]
[Result "0-1"]
[ECO "C20"]
[WhiteElo "886"]
[BlackElo "1185"]
[PlyCount "36"]
[EventDate "2020.??.??"]
[TimeControl "900"]
[WhiteClock "0:13:56"]
[BlackClock "0:13:12"]

1. e4 e5 2. Be2 Nc6 3. c3 Nf6 4. d3 Bc5 5. Bg5 Be7 6. Nd2 h6 7. Bf4 exf4 8. g3 fxg3 9. hxg3 O-O 10. Ndf3 Bc5 11. Nd2 d6 12. Nc4 Bg4 13. Bxg4 Nxg4 14. Nf3 Nxf2 15. Kf1 Nxd1 16. Rxd1 Qf6 17. g4 Qxf3+ 18. Ke1 Qf2# {[%emt 0:00:02] TallSnazzyBall won by
checkmate} 0-1

[Event "Fast Chess"]
[Site "ChessKid.com"]
[Date "2020.03.27"]
[Round "1"]
[White "Sasse, Gabriel"]
[Black "Horvath, Alexander"]
[Result "1-0"]
[ECO "C42"]
[WhiteElo "1176"]
[BlackElo "1324"]
[PlyCount "33"]
[EventDate "2020.??.??"]
[TimeControl "900"]
[WhiteClock "0:13:08"]
[BlackClock "0:14:00"]

1. e4 e5 2. Nf3 Nf6 3. Nxe5 Qe7 4. Nf3 Nxe4 5. Be2 d5 6. d3 Nd6 7. O-O Bg4 8. Bg5 f6 9. Bf4 Bxf3 10. Bxf3 Nc6 11. Re1 Ne5 12. Bxe5 fxe5 13. Bxd5 O-O-O 14. Qg4+ Kb8 15. Qb4 Qg5 16. c4 Ne4 17. Qxb7# {[%emt 0:00:06] LimeFarActor
won by checkmate} 1-0

[Event "Fast Chess"]
[Site "ChessKid.com"]
[Date "2020.03.27"]
[Round "1"]
[White "Georgiev, Maximilian"]
[Black "Li, Tobias"]
[Result "0-1"]
[ECO "C55"]
[WhiteElo "1210"]
[BlackElo "992"]
[PlyCount "170"]
[EventDate "2020.??.??"]
[TimeControl "900"]
[WhiteClock "0:02:24"]
[BlackClock "0:04:37"]

1. e4 e5 2. Nf3 Nc6 3. Bc4 Bc5 4. Nc3 Nf6 5. Ng5 O-O 6.
O-O h6 7. Nf3 d5 8. exd5 Nb4 9. a3 Nbxd5 10. Nxd5 Nxd5 11. Nxe5 Nf6 12. Nf3 Bg4 13. Re1 a6 14. d3 b5 15. Bb3 Qd7 16. h3 Bh5 17. Ne5 Qd4 18.
Qd2 Rfe8 19. Nf3 Rxe1+ 20. Qxe1 Qd8 21. Nh2 c6 22. Be3 Bd6 23. a4 Qc7 24. Nf1 Re8 25. axb5 cxb5 26. Rxa6 Bc5 27. Ra1 Qb6 28. Qd2 Nh7 29. Bxc5 Qxc5 30. d4 Qb6 31. Rd1 Bxd1 32. Qxd1 Rd8 33. c3 Nf6 34. Qf3 b4 35. cxb4 Qxb4 36. Bd1 Qxd4 37. Be2 Qxb2 38. Ng3 Qe5 39. Qf5 Qxf5 40. Nxf5 Re8 41. Bb5 Re5 42. Bd3 Rd5 43. Bc2 Rd2 44. Ba4 Ra2 45. Bb3 Ra3 46. Bc2 Rc3 47. Ba4 Kh7 48. f4 Rc4 49. Bb3 Rxf4 50. Ng3 Kg6 51. Bc2+ Kg5 52. Ne2 Rc4 53. Bd3 Rc8 54. Ba6 Rc6 55. Bb5 Rb6 56. Bd3 g6 57. g3 h5 58. Kf2 Nd5 59. Be4 Ne7 60. Bc2 Kh6 61. h4 f6 62. Nf4 g5 63.
hxg5+ fxg5 64. Nh3 Rb2 65. Kf3 Rxc2 66. g4 hxg4+ 67. Kxg4 Rc4+ 68. Kg3 Rh4 69. Nf2 Nf5+ 70. Kf3 Nd4+ 71. Kg3 Kh5 72. Nd3 g4 73. Nf4+ Kg5 74. Nd5 Rh3+ 75. Kg2 Kh4 76. Ne3 Rxe3 77. Kf2 Ra3 78. Kg2 g3 79. Kg1 Ra2 80. Kh1 g2+ 81. Kg1 Ne6 82. Kh2 g1=Q+ 83. Kxg1 Kg3 84. Kh1 Nd8 85. Kg1 Ra1# {[%emt 0:00:01]
OnlyHungryKiwi won by checkmate} 0-1

[Event "Fast Chess"]
[Site "ChessKid.com"]
[Date "2020.03.27"]
[Round "2"]
[White "Li, Tobias"]
[Black "Sasse, Gabriel"]
[Result "1-0"]
[ECO "D20"]
[WhiteElo "1181"]
[BlackElo "1164"]
[PlyCount "57"]
[EventDate "2020.??.??"]
[TimeControl "900"]
[WhiteClock "0:11:27"]
[BlackClock "0:11:00"]

1. d4 d5 2. c4 dxc4 3. e3 Nc6 4. Bxc4 Be6 5. Bd3 Qd6 6.
Nc3 O-O-O 7. Be4 Nf6 8. Nf3 Nxe4 9. Nxe4 Bf5 10. Nxd6+ Rxd6 11. O-O Rg6 12. Nh4 Bg4 13. Qa4 Rg5 14. e4 Be2 15. Bxg5 Bxf1 16. Rxf1 f6 17. Bd2 g5 18. Nf3 Bh6 19. h3 e5 20. dxe5 fxe5 21.
Nxe5 Nxe5 22. Qxa7 Kd7 23. Qxb7 Nc4 24. Qb5+ Kd8 25. Qxc4 Re8 26. Qc6 Bf8 27. Ba5 Re7 28. Rd1+ Kc8 29. Qa8# {
[%emt 0:00:02] OnlyHungryKiwi won by checkmate} 1-0

[Event "Fast Chess"]
[Site "ChessKid.com"]
[Date "2020.03.27"]
[Round "2"]
[White "Horvath, Alexander"]
[Black "Georgiev, Maximilian"]
[Result "1-0"]
[ECO "C55"]
[WhiteElo "1336"]
[BlackElo "1201"]
[PlyCount "117"]
[EventDate "2020.??.??"]
[TimeControl "900"]
[WhiteClock "0:05:52"]
[BlackClock "0:05:14"]

1. e4 e5 2. Nf3 Nc6 3. Bc4 h6 4. Nc3 Nf6 5. d3 Bb4 6. O-O O-O 7. Nd5 Nxd5 8. exd5 Ne7 9. Nxe5 d6 10. Nf3 Bd7 11. c3 Bc5 12. d4 Bb6 13.
Qc2 Bf5 14. Bd3 Bxd3 15. Qxd3 Ng6 16. Be3 Re8 17. Rfe1 Qd7 18. b3 Rad8 19. c4 Ba5 20. Nd2 Bxd2 21. Bxd2 Rf8 22. Re2 Qc8 23. Qg3 b6 24. h4 h5 25. Qg5 a5 26. Qxh5 Rde8 27. Rxe8 Rxe8 28. Qg5 Nf8 29. Qg3 Re2 30. Bh6 Ng6 31. Be3 Qe8 32. h5 Nh8 33.
h6 Ng6 34. hxg7 Kxg7 35. Qh3 Qh8 36. Qf3 Rc2 37. Qe4 Re2 38.
Bh6+ Qxh6 39. Qxe2 Nf4 40. Qg4+ Ng6 41. Re1 Kh7 42. Qf5 Kg7 43. Qd7 Nf8 44. Qxc7 Qd2 45. Re7 Qd1+ 46. Kh2 Qh5+ 47. Kg1 Qd1+ 48. Kh2 Qh5+ 49. Kg3 Qg5+ 50. Kf3 Qf5+ 51. Ke2 Qg4+ 52. Kf1 Qd1+ 53. Re1 Qd3+ 54. Re2 Qd1+ 55. Re1 Qd3+ 56. Kg1 Qxd4 57. Qxd6 Qc3 58. Qe5+ Kg8 59. Qxc3 {[%emt 0:00:03]
KeenOrangeTeeth won by resignation} 1-0

[Event "Fast Chess"]
[Site "ChessKid.com"]
[Date "2020.03.27"]
[Round "3"]
[White "Li, Tobias"]
[Black "Horvath, Alexander"]
[Result "1-0"]
[ECO "D07"]
[WhiteElo "1320"]
[BlackElo "1318"]
[PlyCount "79"]
[EventDate "2020.??.??"]
[TimeControl "900"]
[WhiteClock "0:10:33"]
[BlackClock "0:09:02"]

1. d4 d5 2. c4 dxc4 3. e3 Nf6 4. Bxc4 Nc6 5. Nf3 Bg4 6.
O-O e6 7. Nc3 Na5 8. Bd3 c6 9. Bd2 Bd6 10. Na4 Bb8 11. Be2 Qc7 12. g3 Ne4 13. Qe1 Bxf3 14. Bxf3 Ng5 15. Bxa5 Nh3+ 16. Kg2 Nf4+ 17. gxf4 b6 18. Bd2 g5 19. Qe2 Rg8 20. Rfd1 gxf4+ 21. Kf1 fxe3 22. Bxe3 Qxh2 23. Ke1 e5 24. Bxc6+ Kd8 25. Bxa8 exd4 26. Rxd4+ Kc8 27. Kd2 Be5 28. Rc4+ Kb8 29. Bd5 Rd8 30. Qd3 b5 31. Rb4 Bf4 32. Bxf4+ Qxf4+ 33. Rxf4 f5 34. Rxf5 bxa4 35. Rf7 h5 36. Ke2 Re8+ 37. Kf1 Rh8 38. Qb5+ Kc8 39. Qb7+ Kd8 40. Qd7# {[%emt 0:00:02] OnlyHungryKiwi won by checkmate}
1-0

[Event "Fast Chess"]
[Site "ChessKid.com"]
[Date "2020.03.27"]
[Round "3"]
[White "Sasse, Gabriel"]
[Black "Gross, Lukas"]
[Result "0-1"]
[ECO "B06"]
[WhiteElo "1151"]
[BlackElo "1087"]
[PlyCount "118"]
[EventDate "2020.??.??"]
[TimeControl "900"]
[WhiteClock "0:09:13"]
[BlackClock "0:10:12"]

1. e4 g6 2. Qf3 Bg7 3. Bc4 Nh6 4. d3 O-O 5. Bxh6 Bxh6 6. Qh3 d6 7. Nf3 Bxh3 8. gxh3 c6 9. O-O e6 10. e5 d5 11. Bb3 Bg7 12. Nc3 d4 13.
Ne2 c5 14. c4 a6 15. Nf4 g5 16. Nh5 b5 17. Nxg7 Kxg7 18. Kh1 Kh8 19. Rg1 Rg8 20. cxb5 axb5 21. Rac1 c4 22. dxc4 bxc4 23. Bxc4 Nc6 24. Rcd1 Ra4 25. Bb5 Ra5 26. Bxc6 g4 27. hxg4 Ra6 28. Nxd4 Qc7 29. g5 Rxa2 30. Bb5 Rxb2 31. Bd3 Rd8 32. Nf3 Rb3 33. Ne1 Rd7 34. Bc2 Rc3 35. Ba4 Rxd1 36. Bxd1 Qc6+ 37. Ng2 Rc1 38. Bh5 Rxg1+ 39. Kxg1 Qc1+ 40. Ne1 Qxe1+ 41. Kg2 Qe4+ 42. Kg1 Qxe5 43. Bxf7 Qxg5+ 44. Kf1 Kg7 45. Bxe6 Qc1+ 46. Ke2 Qh1 47. h3 Qe4+ 48. Kf1 Qxe6 49. Kg2 h5 50. Kg3 Qg6+ 51. Kh2 Qd6+ 52. Kg2 h4 53. f3 Qg6+ 54. Kh2 Qc2+ 55. Kg1 Kg6 56. Kh1 Kg5 57. Kg1 Kf4 58. Kf1 Kxf3 59. Ke1 Qe2# {[%emt 0:
00:01] RosyPopularArm won by checkmate} 0-1

[Event "Fast Chess"]
[Site "ChessKid.com"]
[Date "2020.03.28"]
[Round "1"]
[White "Sasse, Gabriel"]
[Black "Li, Tobias"]
[Result "1-0"]
[ECO "C50"]
[WhiteElo "1172"]
[BlackElo "1214"]
[PlyCount "37"]
[EventDate "2020.??.??"]
[TimeControl "900"]
[WhiteClock "0:07:05"]
[BlackClock "0:13:40"]

1. e4 e5 2. Nf3 Nc6 3. Nc3 Nf6 4. Bc4 Bc5 5. h3 O-O 6. O-O h6 7. d3 d6 8. a3 Re8 9. b4 Bb6 10. Nd5 Nxd5 11. exd5 Ne7 12. d4 exd4 13. Nxd4 a5 14. bxa5 Bxa5 15. Qf3 Bc3 16. Qxc3 Bd7 17. Bb2 c6 18. Nxc6 bxc6 19. Qxg7# {[%emt 0:00:02]
LimeFarActor won by checkmate} 1-0

[Event "Fast Chess"]
[Site "ChessKid.com"]
[Date "2020.03.28"]
[Round "1"]
[White "Georgiev, Maximilian"]
[Black "Dai, Lana"]
[Result "0-1"]
[ECO "C42"]
[WhiteElo "1193"]
[BlackElo "1082"]
[PlyCount "32"]
[EventDate "2020.??.??"]
[TimeControl "900"]
[WhiteClock "0:12:56"]
[BlackClock "0:13:48"]

1. e4 e5 2. Nf3 Nf6 3. Nxe5 Qe7 4. Nf3 Nxe4 5. Be2 Qd8 6.
O-O Bc5 7. Bc4 d6 8. d3 Nf6 9. Nc3 Bg4 10. h3 Bh5 11. Bg5 Nc6 12. Bb5 a6 13.
Ba4 b5 14. Bb3 Nd4 15. Nxd4 Bxd1 16. Raxd1 Bxd4 {[%emt 0:00:09] TopBrownCave won by resignation} 0-1

[Event "Fast Chess"]
[Site "ChessKid.com"]
[Date "2020.03.28"]
[Round "2"]
[White "Li, Patrick"]
[Black "Sasse, Gabriel"]
[Result "1-0"]
[ECO "D00"]
[WhiteElo "932"]
[BlackElo "1159"]
[PlyCount "135"]
[EventDate "2020.??.??"]
[TimeControl "900"]
[WhiteClock "0:09:42"]
[BlackClock "0:03:34"]

1. d4 Nc6 2. Nf3 d5 3. Nc3 Nf6 4. e3 e6 5. Bb5 Bb4 6. O-O h6 7. h3 O-O 8. Bxc6 bxc6 9. a3 Bxc3 10. bxc3 Ne4 11. Qd3 Qf6 12. Ne5 Qg5 13. Nxc6 e5 14. dxe5 Bxh3 15. g3 Bxf1 16. Kxf1 Qf5 17. Qe2 Ng5 18. Qd2 Nh3 19. Bb2 Qxe5 20. Nxe5 Rab8 21. Rb1 Rfe8 22. Qxd5 Rbd8 23. Qxf7+ Kh7 24. Qg6+ Kg8 25. Nc6 Rc8 26.
Nxa7 Ra8 27. Qc6 Rf8 28. Nb5 Rxf2+ 29. Ke1 Raf8 30. Qc4+ Kh7 31. Qd3+ Kg8 32. Qc4+ Kh7 33. Qh4 Rf1+ 34. Ke2 Rxb1 35. Qxh3 Rxb2 36. Nxc7 Rxc2+ 37. Kd1 Rxc3 38. Kd2 Rxc7 39.
a4 Rd8+ 40. Ke2 Rc2+ 41. Kf3 Ra2 42. Qf5+ Kg8 43. Qb5 Rf8+ 44. Kg4 Ra8 45. Qd5+ Kh7 46. Qxa2 g6 47. Qb3 Rf8 48. Qb7+ Kg8 49. a5 h5+ 50. Kh3 g5 51. a6 Rf2 52. a7 g4+ 53. Kh4 Rh2+ 54.
Kg5 Ra2 55. a8=Q+ Rxa8 56. Qxa8+ Kf7 57. Qa5 h4 58. gxh4 g3 59. Qf5+ Kg7 60. Qf4 g2 61. Qf6+ Kh7 62. Qf2 g1=Q+ 63. Qxg1 Kg7 64. Qf1 Kh7 65. Qf6 Kg8 66. Qe7 Kh8 67. Kg6 Kg8 68. Qg7# {[%emt 0:00:14] WideClassyQuiz
won by checkmate} 1-0

[Event "Fast Chess"]
[Site "ChessKid.com"]
[Date "2020.03.28"]
[Round "2"]
[White "Li, Tobias"]
[Black "Dai, Lana"]
[Result "1/2-1/2"]
[ECO "A00"]
[WhiteElo "1193"]
[BlackElo "1089"]
[PlyCount "52"]
[EventDate "2020.??.??"]
[TimeControl "900"]
[WhiteClock "0:11:56"]
[BlackClock "0:11:25"]

1. e3 e5 2. e4 Nc6 3. Nf3 Bc5 4. Nc3 Nf6 5. Be2 d6 6. O-O Bg4 7. h3 Bh5 8. Bc4 h6 9. Re1 O-O 10. d3 Nd4 11. g4 Bg6 12. Nxd4 Bxd4 13. Be3 Bxe3 14. Rxe3 h5 15. Nd5 Nxd5 16. Bxd5 Rb8 17. c3 Qh4 18. Qb3 hxg4 19. Kh2 gxh3 20. Rxh3 Qf4+ 21. Kh1 Qxf2 22. Rh2 Qf3+ 23. Rg2 Qh3+ 24. Rh2 Qf3+ 25. Rg2 Qh3+ 26. Rh2 Qf3+ {[%emt 0:00:01] Game drawn by repetition} 1/2-1/2

[Event "Fast Chess"]
[Site "ChessKid.com"]
[Date "2020.03.28"]
[Round "3"]
[White "Li, Patrick"]
[Black "Li, Tobias"]
[Result "0-1"]
[ECO "C50"]
[WhiteElo "921"]
[BlackElo "1216"]
[PlyCount "58"]
[EventDate "2020.??.??"]
[TimeControl "900"]
[WhiteClock "0:10:16"]
[BlackClock "0:06:12"]

1. e4 e5 2. Nf3 Nf6 3. Nc3 Nc6 4. Bc4 h6 5. O-O Bc5 6. h3 O-O 7. d3 d6 8. Nb5 Nb4 9. Qd2 a6 10. a3 axb5 11. axb4 Rxa1 12. Bxb5 Bb6 13. Nh4 Nh5 14. b3 Qxh4 15. Ba4 Qf6 16. Bb2 Rxf1+ 17. Kxf1 Ng3+ 18. Kg1 Nh5 19. b5 Re8 20. Bc3 Ng3 21. Qe1 Bd7 22. Qd2 c5 23. Bb4 cxb4 24. c4 bxc3 25. Qe1 c2 26. Qe3 c1=Q+ 27. Qxc1 Ne2+ 28. Kf1 Nxc1 29. b4 Qxf2# {[%emt 0:00:07] OnlyHungryKiwi won by checkmate} 0-1